 Dungeon Crawl Stone Soup version 0.29-a0-997-gf6f7e2dfe7 (webtiles) character file.

Game seed: 14290694150296345351

386 RevDB the Trooper (level 6, -9/57 HPs)
             Began as a Draconian Transmuter on Aug 3, 2022.
             Mangled by ValeOmni's ghost (11 damage)
             ... on level 4 of the Dungeon on Aug 4, 2022.
             The game lasted 00:22:39 (3856 turns).

RevDB the Trooper (Draconian Transmuter)            Turns: 3856, Time: 00:22:41

Health: -9/57      AC:  7    Str: 14    XL:     6   Next: 48%
Magic:  9/9        EV: 12    Int: 13    God:
Gold:   194        SH:  0    Dex: 12    Spells: 6/9 levels left

rFire   . . .      SeeInvis +   h - +0 mace
rCold   + . .      Faith    .   w - orb {mayhem}
rNeg    . . .      Spirit   .   (body armour unavailable)
rPois   .          Reflect  .   (helmet restricted)
rElec   .          Harm     .   p - +0 cloak
rCorr   .          Rampage  .   (no gloves)
Will    .....                   (no boots)
Stlth   +.........              t - amulet of regeneration
HPRegen 0.99/turn               j - ring of protection from cold
MPRegen 0.11/turn               l - ring of see invisible

@: no status effects
A: AC +6, unfitting armour, cold-blooded
a: no special abilities


You were on level 4 of the Dungeon.
You visited 1 branch of the dungeon, and saw 4 of its levels.

You collected 194 gold pieces.

Inventory:

Hand Weapons
 h - a +0 mace (weapon)
Armour
 p - a +0 cloak (worn)
 w - an orb of mayhem (worn)
Jewellery
 j - a ring of protection from cold (left hand)
 k - a ring of fire
 l - a ring of see invisible (right hand)
 t - an amulet of regeneration (around neck)
Scrolls
 d - 2 scrolls of identify {unknown}
 e - 3 scrolls of teleportation {unknown}
 g - a scroll of fear {unknown}
 i - a scroll of amnesia {unknown}
 o - a scroll of enchant weapon {unknown}
 q - a scroll of enchant armour {unknown}
 r - a scroll of blinking {unknown}
 s - a scroll of silence {unknown}
 x - a scroll of noise {unknown}
Potions
 a - a potion of lignification
 b - 2 potions of degeneration {unknown}
 c - 2 potions of mutation {unknown}
 f - a potion of curing {unknown}
 m - a potion of berserk rage {unknown}
 n - a potion of might {unknown}
 u - 2 potions of brilliance {unknown}
 v - a potion of attraction {unknown}


   Skills:
 + Level 6.2 Fighting
 - Level 2.0 Dodging
 - Level 3.0 Unarmed Combat
 - Level 2.0 Spellcasting
 - Level 4.0 Transmutations


You had 6 spell levels left.
You knew the following spells:

 Your Spells              Type           Power      Damage    Failure   Level
a - Beastly Appendage     Tmut           22%        N/A       4%          1
b - Wereblood             Tmut           11%        N/A       8%          2

Your spell library contained the following spells:

 Spells                   Type           Power      Damage    Failure   Level
 Spider Form              Tmut/Pois      6%         N/A       32%         3
 Ice Form                 Ice/Tmut       6%         N/A       73%         4


Dungeon Overview and Level Annotations

Branches:
Dungeon (4/15)
 Temple: D:4-7

Altars:
Cheibriados
Dithmenos
Fedhas
Nemelex Xobeh
Ru

Annotations:
D:4 ValeOmni's ghost, novice HOFi


Innate Abilities, Weirdness & Mutations

Your plain brown scales are hard. (AC +6)
You cannot fit into any form of body armour.
You are cold-blooded and may be slowed by cold attacks.


Message History

You claw ValeOmni's ghost, but do no damage.
You tail-slap ValeOmni's ghost, but do no damage.
ValeOmni's ghost is heavily damaged.
ValeOmni's ghost misses you. ValeOmni's ghost barely misses you.
You hit ValeOmni's ghost but do no damage.
ValeOmni's ghost is heavily damaged.
ValeOmni's ghost barely misses you.
You barely miss ValeOmni's ghost.
You claw ValeOmni's ghost, but do no damage.
ValeOmni's ghost is heavily damaged.
ValeOmni's ghost hits you!
* * * LOW HITPOINT WARNING * * *
You hit ValeOmni's ghost but do no damage.
You claw ValeOmni's ghost.
You headbutt ValeOmni's ghost, but do no damage.
ValeOmni's ghost is heavily damaged.
Your horns disappear.
Your talons disappear.
ValeOmni's ghost hits you.
* * * LOW HITPOINT WARNING * * *
ValeOmni's ghost hits you!
* * * LOW HITPOINT WARNING * * *
You barely miss ValeOmni's ghost. You tail-slap ValeOmni's ghost.
ValeOmni's ghost is severely damaged.
ValeOmni's ghost hits you but does no damage.
You hit ValeOmni's ghost.
ValeOmni's ghost is severely damaged.
ValeOmni's ghost hits you but does no damage. x2
You hit ValeOmni's ghost but do no damage.
ValeOmni's ghost is severely damaged.
ValeOmni's ghost barely misses you.
You hit ValeOmni's ghost but do no damage.
ValeOmni's ghost is severely damaged.
ValeOmni's ghost hits you but does no damage.
You hit ValeOmni's ghost but do no damage.
You tail-slap ValeOmni's ghost.
ValeOmni's ghost is severely damaged.
ValeOmni's ghost hits you.
* * * LOW HITPOINT WARNING * * *
ValeOmni's ghost hits you!
You die...

##### #8....[_[....8# #
#.............# ##
#.#8#..8..#8#.# .#
#.###.....###.# .#####
#....#####....# .....####
#.o.......).[.#
####..))#########W''#######
....###))..8....@........8#
###.##....................#
#.[..........##..########
###.............##
#..........#..#
#.............#
#..........####
######........##
†...#..........#


You could see an orc priest and ValeOmni's ghost.

Vanquished Creatures
  2 scorpions (D:4)
  An orc priest (D:4)
  An iron imp (D:3)
  An orc wizard (D:4)
  7 gnolls
  2 adders (D:3)
  3 dart slugs
  A worm (D:2)
  3 orcs
  2 ball pythons
  11 bats
  6 endoplasms
  5 giant cockroaches
  5 goblins
  6 hobgoblins
  7 jackals (D:1)
  2 quokkas (D:1)
  5 frilled lizards
  5 kobolds
  6 rats
81 creatures vanquished.

Vanquished Creatures (collateral kills)
  6 orcs (D:4)
6 creatures vanquished.

Vanquished Creatures (others)
  7 plants (D:3)
7 creatures vanquished.

Grand Total: 94 creatures vanquished

Notes
Turn   | Place    | Note
-------+----------+-------------------------------------------
     0 | D:1      | RevDB the Draconian Transmuter began the quest for the Orb.
     0 | D:1      | Reached XP level 1. HP: 16/16 MP: 3/3
    76 | D:1      | Reached skill level 2 in Fighting
    92 | D:1      | Reached XP level 2. HP: 20/25 MP: 3/5
   216 | D:1      | Found a faded altar of an unknown god.
   306 | D:1      | Reached skill level 3 in Fighting
   314 | D:1      | Learned a level 2 spell: Wereblood
   436 | D:1      | Reached XP level 3. HP: 15/31 MP: 4/6
  1104 | D:2      | Reached skill level 4 in Fighting
  1520 | D:3      | Reached XP level 4. HP: 21/41 MP: 7/7
  1534 | D:3      | Upgraded the game from 0.29-a0-994-gc5c9f59d18 to
                  | 0.29-a0-997-gf6f7e2dfe7
  1968 | D:3      | Found a snail-covered altar of Cheibriados.
  1982 | D:3      | Reached skill level 5 in Fighting
  2266 | D:3      | Reached XP level 5. HP: 48/48 MP: 6/8
  2602 | D:3      | Found a shadowy altar of Dithmenos.
  2734 | D:3      | Found a sparkling altar of Nemelex Xobeh.
  2836 | D:4      | Found a blossoming altar of Fedhas.
  2868 | D:4      | Reached skill level 6 in Fighting
  3207 | D:4      | HP: 1/50 [gnoll/+0 flail (5)]
  3624 | D:4      | Reached XP level 6. HP: 47/57 MP: 7/9
  3651 | D:4      | Found a sacrificial altar of Ru.
  3764 | D:4      | Found a runed translucent gate.
  3768 | D:4      | Found a runed translucent gate.
  3768 | D:4      | Found a runed translucent gate.
  3768 | D:4      | Noticed ValeOmni's ghost (novice HOFi)
  3851 | D:4      | HP: 1/57 [ValeOmni's ghost (11)]
  3856 | D:4      | HP: 2/57 [ValeOmni's ghost (6)]
  3856 | D:4      | Mangled by ValeOmni's ghost

Illustrated notes

Levels and vault maps discovered:
D:1:      zelgadis_glass_arrival_small, layout_basic,
          dilly_ecumenical_altar_fadedgnrine
D:2:      layout_rooms
D:3:      layout_basic, nemelex_dance_club_becter, mainiacjoe_overflow_24_doors,
          slow_altar_1, serial_forest, infiniplex_forest_end_double,
          infiniplex_forest_3_way, infiniplex_forest_clump_small,
          infiniplex_forest_lined_room_, infiniplex_forest_clump_C
D:4:      layout_rooms, mainiacjoe_overflow_catwalk,
          nicolae_ru_great_annihilating_truth, biasface_ghost_orc_armoury

Skill      XL: |  1  2  3  4  5  6 |
---------------+-------------------+-----
Fighting       | 2 3 4 5 6 |  6.2
Dodging        | 2 |  2.0
Transmutations | 3 4 |  4.0
Unarmed Combat | |  3.0
Spellcasting   | |  2.0

Action                   |  1- 3 |  4- 6 || total
-------------------------+-------+-------++-------
Melee: Unarmed           |    80 |       ||    80
       Kick              |    16 |    19 ||    35
       Tailslap          |    13 |    17 ||    30
       Headbutt          |    10 |    11 ||    21
       Punch             |     4 |     5 ||     9
       Mace              |    61 |   181 ||   242
 Cast: Beastly Appendage |    19 |     9 ||    28
       Wereblood         |       |     2 ||     2
 Stab: Sleeping          |       |     1 ||     1
Armor: Skin              |    51 |    61 ||   112
Dodge: Dodged            |   104 |   117 ||   221

Table legend: (Time is in decaauts)
 A = Elapsed time spent in this place.
 B = Non-inter-level travel time spent in this place.
 C = Inter-level travel time spent in this place.
 D = Time resting spent in this place.
 E = Time spent auto-exploring this place.
 F = Levels seen in this place.
 G = Mean time per level.
                   A        B        C        D        E       F      G
               +--------+--------+--------+--------+--------+-----+--------+
         Total |   3950 |   3868 |     82 |   1163 |    489 |   4 |  987.5 |
       Dungeon |   3950 |   3868 |     82 |   1163 |    489 |   4 |  987.5 |
               +--------+--------+--------+--------+--------+-----+--------+

Top non-repeatable levels by time:
     D:3: 1558 daAuts
     D:4: 1065 daAuts
     D:1: 838 daAuts
     D:2: 487 daAuts
